 Dungeon Crawl Stone Soup version 0.24.0-37-gcf1ca852f1 (webtiles) character file.

Game seed: 16383712037519289880, levelgen mode: deterministic

25 Delamore the Chopper (level 3, 0/31 HPs)
             Began as a Hill Orc Fighter on Nov 28, 2019.
             Slain by a gnoll
             ... wielding a +0 club
              (2 damage)
             ... on level 2 of the Dungeon.
             The game lasted 00:00:58 (756 turns).

Delamore the Chopper (Hill Orc Fighter)              Turns: 756, Time: 00:00:58

Health: 0/31       AC:  6    Str: 19    XL:     3   Next: 6%
Magic:  3/3        EV:  7    Int:  8    God:
Gold:   31         SH:  9    Dex: 10    Spells: 2/2 levels left

rFire    . . .     SeeInvis .   a - +0 war axe
rCold    . . .     Gourm    .   c - +0 shield
rNeg     . . .     Faith    .   b - +0 scale mail
rPois    .         Spirit   .   (no helmet)
rElec    .         Reflect  .   (no cloak)
rCorr    .         Harm     .   (no gloves)
MR       .....                  (no boots)
Stlth    ..........             (no amulet)
HPRegen  0.10/turn              (no ring)
MPRegen  0.08/turn              (no ring)

@: no status effects
A: no striking features
a: no special abilities


You were on level 2 of the Dungeon.
You were not hungry.

You visited 1 branch of the dungeon, and saw 2 of its levels.

You collected 31 gold pieces.

Inventory:

Hand Weapons
 a - a +0 war axe (weapon)
Missiles
 h - 12 poisoned darts (quivered)
Armour
 b - a +0 scale mail (worn)
 c - a +0 shield (worn)
Scrolls
 e - a scroll of enchant weapon {unknown}
 i - a scroll of teleportation {unknown}
 j - a scroll of amnesia {unknown}
 k - a scroll of blinking {unknown}
 n - a scroll of immolation {unknown}
Potions
 d - a potion of might
 l - a potion of curing {unknown}
 m - 2 potions of degeneration {unknown}
 o - a potion of resistance {unknown}
Comestibles
 f - a ration
 g - a chunk of flesh


   Skills:
 - Level 3.6 Fighting
 + Level 4.6 Axes
 - Level 3.2 Armour
 - Level 3.2 Shields


You had 2 spell levels left.
You didn't know any spells.
Your spell library was empty.

Dungeon Overview and Level Annotations

Branches:
Dungeon (2/15)

Altars:


Message History

You block the gnoll's attack. x2; The gnoll hits you with a +0 halberd.
The gnoll completely misses you. The gnoll barely misses you.
You barely miss the gnoll. You closely miss the gnoll. You hit the gnoll.
The gnoll hits you with a +0 halberd! The gnoll hits you but does no damage.
You block the gnoll's attack.
Unknown command.
You are too injured to fight recklessly!
You are too injured to fight recklessly!
You are too injured to fight recklessly!
You hit the gnoll.
The gnoll is moderately wounded.
You completely miss the gnoll. You barely miss the gnoll.
The gnoll hits you with a +0 spear. The gnoll completely misses you.
The gnoll hits you with a +0 halberd!
* * * LOW HITPOINT WARNING * * *
Your shield and scale mail prevent you from hitting the gnoll.
The gnoll is moderately wounded.
You closely miss the gnoll. x2; You block the gnoll's attack.
The gnoll hits you with a +0 club.
You die...

#.........####### #.#
#...............# #.#
#[..........###.# #.#
#...........# #.# #.#
#######.....###.###.#
#.....#.......#
#######.....#.#.#########.#
......#'#####.#.g.........#
............#.#.@g....##.[
............#.#..g....#
............#.#.......##
............#..........#
............##########.#
............# .#
.#####......# g# .#
#......# g# .# #......# .#


You could see 3 gnolls.

Vanquished Creatures
  An adder (D:2)
  A dart slug (D:1)
  A giant cockroach (D:1)
  3 goblins (D:2)
  3 bats
  2 frilled lizards (D:1)
  A kobold (D:1)
  4 rats (D:1)
16 creatures vanquished.

Notes
Turn   | Place    | Note
-------+----------+-------------------------------------------
     0 | D:1      | Delamore the Hill Orc Fighter began the quest for the Orb.
     0 | D:1      | Reached XP level 1. HP: 19/19 MP: 1/1
   100 | D:1      | Reached skill level 3 in Axes
   213 | D:1      | Reached XP level 2. HP: 26/26 MP: 2/2
   460 | D:2      | Reached skill level 4 in Axes
   536 | D:2      | Reached XP level 3. HP: 31/31 MP: 3/3
   756 | D:2      | Slain by a gnoll

Levels and vault maps discovered:
D:1:      scummos_arrival_simple_fountains, layout_rooms, serial_bayou_pond_a
D:2:      layout_basic, uniq_natasha

Skill      XL: |  1  2 |
---------------+-------+-----
Axes           | 3 4 |  4.6
Fighting       | |  3.6
Armour         | |  3.2
Shields        | |  3.2

Action                   || total
-------------------------++-------
Melee: War axe           ||    47
Armor: Scale mail        ||    19
Dodge: Dodged            ||    20
Block: Shield            ||    34
